Map: Ley Lines

Players

Dwayne

  • Race: Protoss Protoss
  • League: Bronze
  • Spawn Location: 7:00

wootwoot - Winner!

  • Race: Protoss Protoss
  • League: Bronze
  • Spawn Location: 1:00

VOD

Have the link to the VOD?

Description

Time

  • Played on: April 1, 2025, 2:18 p.m.
  • Length: 5:03
Show
View Real Time Build Order
Export as new Build Order

Dwayne Protoss 

Build Orders: Cannon Rush 

Get SALT Encoding   

  12  0:15  Pylon  
  12  0:26  Probe  
  13  0:38  Forge  
  13  0:51  Gateway  
  13  1:07  Pylon  
  13  1:14  Photon Cannon  
  13  1:22  Photon Cannon  
  13  1:32  Photon Cannon  
  13  1:38  Probe  
  14  1:50  Probe  
  14  1:53  Photon Cannon  
  15  2:08  Photon Cannon  
  15  2:18  Photon Cannon  
  15  2:47  Probe  
  15  2:49  Pylon  
  16  2:59  Probe  
  16  3:02  Cybernetics Core  
  17  3:06  Zealot  
  19  3:18  Photon Cannon  
  19  3:27  Photon Cannon  
  19  3:33  Zealot  
  21  3:40  Photon Cannon  
  19  4:00  Zealot  
  13  4:17  Pylon  
  11  4:53  Pylon  
Show
View Real Time Build Order
Export as new Build Order

wootwoot Protoss - Winner!

Build Orders:  

Get SALT Encoding   

  12  0:00  Probe  
  13  0:12  Probe  
  14  0:18  Pylon  
  14  0:24  Probe  
  15  0:32  Probe  
  15  0:37  Gateway  
  15  0:40  Probe  
  16  0:46  Assimilator  
  17  0:51  Probe  
  17  0:54  Assimilator  
  18  1:03  Probe  
  19  1:06  Pylon  
  19  1:15  Probe  
  20  1:25  Cybernetics Core  
  20  1:27  Probe  
  21  1:39  Probe  
  22  1:51  Probe  
  22  1:52  Warp Gate  
  23  2:00  Stalker  
  23  2:02  Robotics Facility  
  25  2:12  Gateway  
  25  2:13  Gateway  
  25  2:23  Gateway  
  25  2:29  Stalker  
  27  2:37  Warp Prism  
  29  3:04  Pylon  
  29  3:22  Pylon  
  29  3:46  Stalker x4  
  37  3:58  Pylon  
  37  4:09  Stalker  
  39  4:10  Stalker x3  
  45  4:35  Stalker x3  
  51  4:39  Pylon  
Tags
 
Matchup
PvP
Replay Pack
B2M-Replays
Spawn Locations
Cross Positions
Add a new tag
Caveats
  • Supply blocks, unpowered buildings, or Contaminate may cause inaccurate times.
  • Supply counts are checked every 10 seconds.